Map: Ancient Cistern LE

Players

ePhoenix - Winner!

  • Race: Protoss Protoss
  • League: Silver
  • Spawn Location: 7:00

winzboy

  • Race: Protoss Protoss
  • League: Gold
  • Spawn Location: 1:00

VOD

Have the link to the VOD?

Description

Time

  • Played on: May 24, 2023, 4:10 a.m.
  • Length: 4:40
Show
View Real Time Build Order
Export as new Build Order

ePhoenix Protoss - Winner!

Build Orders:  

Get SALT Encoding   

  12  0:00  Probe  
  13  0:13  Probe  
  14  0:25  Probe, Pylon  
  15  0:43  Probe  
  15  0:45  Gateway  
  16  0:52  Assimilator  
  16  0:55  Probe  
  17  1:07  Probe  
  18  1:13  Assimilator  
  18  1:19  Probe  
  18  1:20  Pylon  
  18  1:25  Forge  
  19  1:31  Probe  
  20  1:40  Gateway  
  20  1:43  Probe  
  21  1:55  Probe  
  22  2:02  Photon Cannon  
  22  2:05  Cybernetics Core  
  22  2:08  Probe  
  23  2:12  Gateway  
  23  2:16  Gateway  
  24  2:22  Probe  
  24  2:27  Cybernetics Core  
  24  2:53  Pylon  
  24  2:59  Pylon  
  24  3:02  Pylon  
  24  3:07  Stalker  
  24  3:11  Probe  
  24  3:12  Warp Gate (Chrono Boost)  
  25  3:16  Pylon  
  27  3:23  Probe  
  27  3:25  Pylon  
  28  3:35  Probe  
  28  3:36  Gateway  
  28  3:38  Photon Cannon  
  28  3:41  Photon Cannon  
  28  3:47  Probe  
  29  3:49  Photon Cannon  
  29  3:59  Probe  
  30  4:11  Probe  
  31  4:25  Pylon  
  31  4:26  Nexus  
  31  4:28  Pylon  
Show
View Real Time Build Order
Export as new Build Order

winzboy Protoss 

Build Orders:  

Get SALT Encoding   

  12  0:02  Probe  
  13  0:14  Probe  
  14  0:22  Pylon  
  14  0:26  Probe (Chrono Boost)  
  15  0:38  Probe (Chrono Boost)  
  15  0:41  Gateway  
  16  0:50  Probe  
  16  0:55  Assimilator  
  17  1:03  Probe  
  18  1:15  Probe  
  19  1:23  Assimilator  
  19  1:30  Probe  
  19  1:42  Probe  
  19  1:47  Zealot  
  22  1:54  Probe  
  23  2:41  Probe  
  23  2:55  Pylon  
  23  3:03  Gateway  
  23  3:06  Pylon  
  23  3:13  Probe, Zealot (Chrono Boost)  
  26  3:25  Probe  
  27  3:37  Probe, Zealot (Chrono Boost)  
  30  3:45  Nexus  
  30  3:49  Probe  
  31  3:55  Cybernetics Core  
  31  3:57  Zealot  
  31  4:02  Probe  
  34  4:14  Probe  
Tags
 
Matchup
PvP
Replay Pack
Multiplayer
Spawn Locations
Cross Positions
Add a new tag
Caveats
  • Supply blocks, unpowered buildings, or Contaminate may cause inaccurate times.
  • Supply counts are checked every 10 seconds.